 Dungeon Crawl Stone Soup version 0.30-a0-851-gbd0d260d8e (webtiles) character file.

Game seed: 14259258019855267658

719 112233 the Grave Robber (level 7, -3/46 HPs)
             Began as a Demonspawn Necromancer on Mar 4, 2023.
             Slain by an orc
             ... wielding a +0 mace
              (7 damage)
             ... on level 3 of the Dungeon.
             The game lasted 00:07:04 (5669 turns).

112233 the Grave Robber (Demonspawn Necromancer)    Turns: 5669, Time: 00:07:04

Health: -3/46      AC:  2    Str:  8    XL:     7   Next: 42%
Magic:  15/15      EV: 12    Int: 21    God:
Gold:   675        SH:  0    Dex: 13    Spells: 8/17 levels left

rFire   . . .      SeeInvis .    q - +2 dagger (pain)
rCold   . . .      Faith    .    (no shield)
rNeg    . . .      Spirit   .    a - +0 robe
rPois   .          Reflect  .    (helmet restricted)
rElec   .          Rampage  .    (no cloak)
rCorr   .                        (no gloves)
Will    .....                    (no boots)
Stlth   ++                       (no amulet)
HPRegen 0.27/turn                (no ring)
MPRegen 0.14/turn                (no ring)

@: mighty
A: horns 1, demonic guardian 1, ignite blood 1, big brain 1
a: no special abilities


You were on level 3 of the Dungeon.
You visited 1 branch of the dungeon, and saw 5 of its levels.

You collected 675 gold pieces.

Inventory:

Hand Weapons
 k - a +0 dagger of venom
 q - a +2 dagger of pain (weapon)
Armour
 a - a +0 robe (worn)
 B - a scarf of harm
Magical Staves
 j - a staff of air
Jewellery
 i - a +6 ring of strength
 u - a ring of protection from cold
Wands
 C - a wand of flame (1)
Scrolls
 c - 2 scrolls of noise {unknown}
 d - 10 scrolls of identify {unknown}
 e - 2 scrolls of blinking {unknown}
 h - 2 scrolls of poison {unknown}
 l - 4 scrolls of fear {unknown}
 o - 3 scrolls of vulnerability {unknown}
 p - a scroll of magic mapping {unknown}
 t - 2 scrolls of silence {unknown}
 y - a scroll of teleportation {unknown}
 A - a scroll of enchant weapon {unknown}
Potions
 b - a potion of magic
 f - a potion of haste
 g - a potion of might
 n - 2 potions of flight {unknown}
 r - a potion of heal wounds {unknown}
 s - a potion of lignification {unknown}
 v - a potion of attraction {unknown}
 w - 2 potions of curing {unknown}
 x - a potion of mutation {unknown}
 z - a potion of berserk rage {unknown}


   Skills:
 - Level 1.7 Dodging
 - Level 1.7 Stealth
 + Level 5.6 Spellcasting
 + Level 7.8 Necromancy


You had 8 spell levels left.
You knew the following spells:

 Your Spells              Type           Power      Damage    Failure   Level
a - Necrotise             Necr           100%       1d9       1%          1
b - Vampiric Draining     Necr           38%        2d8       1%          3
c - Agony                 Necr           38%        N/A       12%         5

Your spell library contained the following spells:

 Spells                   Type           Power      Damage    Failure   Level
 Animate Dead             Necr           38%        N/A       4%          4
 Sting                    Tmut/Pois      20%        1d4       11%         1
 Blink                    Tloc           10%        N/A       16%         2
 Dazzling Flash           Conj/Hex       10%        N/A       30%         3
 Iskenderun's Mystic Bla  Conj/Tloc      5%         2d3       71%         4
 Manifold Assault         Tloc           5%         N/A       71%         4
 Starburst                Conj/Fire      2%         6d3       100%        6
 Storm Form               Tmut/Air       2%         N/A       100%        7


Dungeon Overview and Level Annotations

Branches:
Dungeon (5/15)
 Temple: D:4-7

Altars:
Okawaru
Ru

Shops:
D:2 =

Annotations:
D:3 Grinder
D:4 exclusion: upstairs


Innate Abilities, Weirdness & Mutations

You have a pair of small horns on your head.
A weak demonic guardian rushes to your aid.
Your demonic aura sometimes causes spilled blood to erupt in flames.
You have an unusually large brain. (Int +2)


Message History

Grinder struggles against the net.
Unknown command.
You hit Grinder. You headbutt Grinder, but do no damage.
Grinder is moderately wounded.
Grinder says, "FISH!"
Grinder struggles against the net.
You hit Grinder.
Grinder is moderately wounded.
Grinder gestures at you.
You suddenly lose the ability to move!
Grinder struggles against the net.
Grinder struggles against the net.
The net rips apart, and Grinder comes free!
Grinder hits you!
You writhe in agony.
The orc hits you with a +0 mace.
You can move again.
Unknown command.
You barely miss Grinder.
Grinder is moderately wounded.
Grinder is engulfed in blazing flames.
Grinder hits you.
You writhe in agony.
The orc hits you with a +0 mace.
Unknown command.
Throw: throwing net
Press: ? - help, Q - select action, (/) - cycle Shift-Dir - straight line, f/p - Grinder
Aim: Grinder (flame, heavily wounded, 52% to hit)
You throw a throwing net.
The throwing net closely misses Grinder.
Grinder is engulfed in blazing flames.
Grinder hits you!
You writhe in agony.
* * * LOW HITPOINT WARNING * * *
The orc hits you with a +0 mace.
* * * LOW HITPOINT WARNING * * *
A demonic guardian appears!
Unknown command.
Unknown command.
It was a potion of might.
You feel very mighty all of a sudden. Grinder hits you.
* * * LOW HITPOINT WARNING * * *
You writhe in agony.
* * * LOW HITPOINT WARNING * * *
The orc hits you with a +0 mace!
You die...

..........
####.##### ##.
.).). # ...
..##.._. ##o.
#######.#
#..#.). .#.o
....... .#
..... ...
####### #
#...###... #
..5.#..). #
#####5.....# #
#...○@o#o###.#
#
#.####.#.Z...#
# #.#
#.#)##### #
#.# #.#.# #.#
#.#.# #.#
#.#.# #.#
#...#
##########.##
#)###
#.......Z)..#
#.#


You could see Grinder (ally target), an orc and a friendly white imp (summoned).

Vanquished Creatures
  2 ogres
  2 scorpions (D:4)
  A howler monkey (D:4)
  Ijyb (D:3)
  An iguana (D:4)
  Robin (D:3)
  6 gnolls
  6 adders
  An ufetubus (D:4)
  A worm (D:4)
  5 orcs
  8 ball pythons
  6 bats
  8 endoplasms
  A giant cockroach (D:4)
  12 goblins
  13 hobgoblins
  5 jackals
  5 quokkas
  7 frilled lizards (D:1)
  4 kobolds
96 creatures vanquished.

Vanquished Creatures (collateral kills)
  A phantom (D:4)
  A jelly (D:4)
  An endoplasm (D:2)
  A hobgoblin (D:4)
  2 ball pythons
  5 frilled lizards (D:1)
11 creatures vanquished.

Grand Total: 107 creatures vanquished

Notes
Turn   | Place    | Note
-------+----------+-------------------------------------------
     0 | D:1      | 112233 the Demonspawn Necromancer began the quest for the
                  | Orb.
     0 | D:1      | Reached XP level 1. HP: 13/13 MP: 3/3
   337 | D:1      | Found a faded altar of an unknown god.
   343 | D:1      | Got Plato's Parchment of Nausea
   451 | D:1      | Gained mutation: You have an unusually large brain. (Int
                  | +2) [demonic ancestry]
   451 | D:1      | Reached XP level 2. HP: 19/19 MP: 3/5
  1532 | D:2      | Reached skill level 5 in Necromancy
  1537 | D:2      | Gained mutation: You have a pair of small horns on your
                  | head. [demonic ancestry]
  1537 | D:2      | Reached XP level 3. HP: 24/24 MP: 0/7
  1787 | D:1      | Learned a level 3 spell: Vampiric Draining
  1959 | D:1      | Gained mutation: A weak demonic guardian rushes to your
                  | aid. [demonic ancestry]
  1959 | D:1      | Reached XP level 4. HP: 10/30 MP: 1/8
  2706 | D:2      | Found Igoiroev's Jewellery Shoppe.
  3175 | D:3      | Noticed Ijyb
  3175 | D:3      | Noticed Robin
  3346 | D:3      | Killed Ijyb
  3347 | D:3      | Reached XP level 5. HP: 22/35 MP: 0/10
  3364 | D:4      | Reached skill level 6 in Necromancy
  3523 | D:3      | Noticed Grinder
  3526 | D:3      | Paralysed by Grinder for 4 turns
  4029 | D:4      | Reached XP level 6. HP: 41/41 MP: 8/12
  4220 | D:4      | Reached skill level 7 in Necromancy
  4299 | D:4      | Reached skill level 5 in Spellcasting
  4323 | D:4      | Gained mutation: Your demonic aura sometimes causes spilled
                  | blood to erupt in flames. [demonic ancestry]
  4323 | D:4      | Reached XP level 7. HP: 22/46 MP: 14/14
  4425 | D:4      | Learned a level 5 spell: Agony
  5028 | D:5      | Entered Level 5 of the Dungeon
  5085 | D:5      | Found a sacrificial altar of Ru.
  5408 | D:3      | Killed Robin
  5656 | D:3      | Found an iron altar of Okawaru.
  5663 | D:3      | Paralysed by Grinder for 4 turns
  5669 | D:3      | Slain by an orc

Illustrated notes

Levels and vault maps discovered:
D:1:      dpeg_arrival_orchard, layout_basic,
          shapermc_ecumenical_altar_rom_forum, minmay_lizard_pond
D:2:      layout_loops_corners, serial_shops, nicolae_shop_waterfront,
          grunt_ministairs_12, minmay_pentomino_w4
D:3:      layout_loops_ring, okawaru_ov_weapons_minmay, nicolae_goblin_pals,
          uniq_grinder
D:4:      minmay_polygon_palace, layout_basic
D:5:      layout_basic, nicolae_elyvilon_peaceful_grove, hangedman_ru_absence

Skill      XL: |  1  2  3  4  5  6 |
---------------+-------------------+-----
Necromancy     | 5 6 7 |  7.8
Spellcasting   | 3 4 5 |  5.6
Dodging        | |  1.7
Stealth        | |  1.7

Action                     |  1- 3 |  4- 6 |  7- 9 || total
---------------------------+-------+-------+-------++-------
  Melee: Dagger            |       |    31 |    16 ||    47
         Headbutt          |       |     6 |     4 ||    10
  Throw: Throwing net      |       |       |     2 ||     2
   Cast: Necrotise         |    46 |    75 |    39 ||   160
         Vampiric Draining |     3 |     6 |     1 ||    10
    Use: Potion            |       |     1 |     1 ||     2
   Stab: Sleeping          |       |     2 |       ||     2
         Held in net/web   |       |       |     1 ||     1
 Armour: Robe              |     1 |     9 |     2 ||    12
  Dodge: Dodged            |    15 |    28 |    20 ||    63

Table legend: (Time is in decaauts)
 A = Elapsed time spent in this place.
 B = Non-inter-level travel time spent in this place.
 C = Inter-level travel time spent in this place.
 D = Time resting spent in this place.
 E = Time spent auto-exploring this place.
 F = Levels seen in this place.
 G = Mean time per level.
                   A        B        C        D        E       F      G
               +--------+--------+--------+--------+--------+-----+--------+
         Total |   5661 |   5422 |    239 |    967 |   3786 |   5 | 1132.2 |
       Dungeon |   5661 |   5422 |    239 |    967 |   3786 |   5 | 1132.2 |
               +--------+--------+--------+--------+--------+-----+--------+

Top non-repeatable levels by time:
     D:1: 1847 daAuts
     D:4: 1601 daAuts
     D:2: 1349 daAuts
     D:3: 715 daAuts
     D:5: 148 daAuts
